 Dungeon Crawl Stone Soup version 0.29.1-1-gd02db6906a (webtiles) character file.

Game seed: 10499138117552122245

600 112233 the Firebug (level 7, -1/63 HPs)
             Began as an Octopode Fire Elementalist on Oct 11, 2022.
             Succumbed to a scorpion's poison
             ... on level 5 of the Dungeon.
             The game lasted 00:10:01 (6596 turns).

112233 the Firebug (Octopode Fire Elementalist)     Turns: 6596, Time: 00:10:02

Health: -1/63      AC: 23    Str:  5 (7)  XL:     7   Next: 41%
Magic:  4/13       EV:  2    Int: 17 (20) God:
Gold:   221        SH:  0    Dex: 10 (12) Spells: 5/14 levels left

rFire   . . .      SeeInvis .   k - +2 dagger (venom)
rCold   . . .      Faith    .   (no shield)
rNeg    . . .      Spirit   .   (helmet currently unavailable)
rPois   +          Reflect  .   (no amulet)
rElec   .          Harm     .   (no ring)
rCorr   .          Rampage  .   (no ring)
Will    .....      NoTele   +   (no ring)
Stlth   ++........              (no ring)
HPRegen 0.20/turn               (no ring)
MPRegen 0.13/turn               (no ring)
                                (no ring)
                                (no ring)

@: lethally poisoned (-1 -> -10), tree-form, attractive
A: stationary, stasis, torment immunity, boosted hp, almost no armour,
(amphibious), 8 rings, (camouflage 1), (gelatinous body 1), (nimble swimmer 1),
(tentacles)
a: no special abilities


You were on level 5 of the Dungeon.
You were a tree.
You visited 1 branch of the dungeon, and saw 5 of its levels.

You collected 221 gold pieces.

Inventory:

Hand Weapons
 k - a +2 dagger of venom (weapon)
 p - a +3 falchion of pain
Jewellery
 e - a ring of positive energy
 r - a ring of positive energy
 u - an amulet of guardian spirit
Scrolls
 b - 2 scrolls of poison {unknown}
 c - 2 scrolls of blinking
 f - 3 scrolls of teleportation {unknown}
 g - 3 scrolls of identify {unknown}
 h - 2 scrolls of enchant weapon {unknown}
 i - 3 scrolls of immolation {unknown}
 m - 2 scrolls of vulnerability {unknown}
 o - a scroll of summoning {unknown}
 q - a scroll of magic mapping {unknown}


   Skills:
 + Level 0.7 Fighting
 + Level 3.6 Dodging
 - Level 4.0 Stealth
 * Level 4.1 Spellcasting
 + Level 3.2 Conjurations
 * Level 5.0 Fire Magic


You had 5 spell levels left.
You knew the following spells:

 Your Spells              Type           Power      Damage    Failure   Level
a - Foxfire               Conj/Fire      68%        2x1d7     2%          1
b - Scorch                Fire           40%        2d7       3%          2
c - Blink                 Tloc           6%         N/A       24%         2
d - Sticky Flame          Conj/Fire      17%        2d4       28%         4

Your spell library contained the following spells:

 Spells                   Type           Power      Damage    Failure   Level
 Shock                    Conj/Air       36%        1d5       8%          1
 Conjure Flame            Conj/Fire      17%        6-21      9%          3
 Inner Flame              Hex/Fire       12%        N/A       17%         3
 Ignite Poison            Fire/Tmut/Pois 9%         N/A       24%         3
 Flame Wave               Conj/Fire      17%        2d7       28%         4
 Swiftness                Air            3%         N/A       43%         3
 Airstrike                Air            1%         2d(1-17)  83%         4
 Manifold Assault         Tloc           3%         N/A       99%         5
 Storm Form               Tmut/Air       1%         N/A       100%        7


Dungeon Overview and Level Annotations

Branches:
Dungeon (5/15)
 Temple: D:4-7

Altars:
Cheibriados
Dithmenos
Fedhas
Okawaru
Trog
Vehumet

Annotations:
D:3 1 runed translucent door, Crazy Yiuf


Innate Abilities, Weirdness & Mutations

You are a tree.
Your roots penetrate the ground, keeping you stationary.
You cannot be teleported.
You are immune to unholy pain and torment.
Your maximum health is greatly increased.
You cannot wear most types of armour.
((You are amphibious.))
You can wear up to eight rings at the same time.
((Your skin changes colour to match your surroundings (Stealth+).))
((Your rubbery body absorbs attacks. (AC +1, EV +1)))
((You are camouflaged when in or above water. (Stealth+)))
((You have tentacles for arms and can constrict up to eight enemies at once.))


Message History

The puff of frost hits you!
The foxfire hits the white imp but does no damage.
The white imp is moderately wounded.
The foxfire hits the white imp!
The white imp is burned terribly!
You kill the white imp!
Unknown command.
Casting: Foxfire (safe; 2% risk of failure)
Confirm with . or Enter, or press ? or * to list all spells.
Flames lash the scorpion.
The scorpion is moderately wounded.
The scorpion's fire resistance burns away.
The scorpion stings you.
You are poisoned.
The scorpion poisons you!
Your magical contamination has completely faded away.
Unknown command.
Casting: Scorch (safe; 3% risk of failure)
Confirm with . or Enter, or press ? or * to list all spells.
Flames lash the scorpion.
The scorpion is burned terribly!
The scorpion is severely wounded.
You feel sick. The scorpion stings you. The scorpion barely misses you.
You feel sick. The scorpion stings you.
* * * LOW HITPOINT WARNING * * *
Unknown command.
It was a potion of attraction.
You feel attractive to monsters.
You feel sick. The scorpion stings you.
* * * LOW HITPOINT WARNING * * *
You are more poisoned.
The scorpion poisons you!
It was a potion of lignification.
You turn into a tree.
Your roots penetrate the ground.
* * * LOW HITPOINT WARNING * * *
You feel sick.
The scorpion stings you but does no damage.
Unknown command.
Casting: Scorch (safe; 3% risk of failure)
Confirm with . or Enter, or press ? or * to list all spells.
Flames lash the scorpion but do no damage.
You die...

##### ...#
#####.########
#..).)..).s♣.#
#.###...........#
#.#.####).........#
..###.....###...#....
#.# ..######.........
#. #.# #.. ........#
# # #.# #.# ........#
#.#o###.###...#...
###.##..§.o.o.....#


You could see a scorpion (combustible).

Vanquished Creatures
  A phantom (D:4)
  2 scorpions
  An orc priest (D:4)
  2 gnoll boudas
  2 hounds
  Robin (D:2)
  5 gnolls (D:4)
  4 adders
  A white imp (D:5)
  2 ufetubi
  3 worms
  2 dart slugs
  8 orcs
  10 endoplasms
  6 giant cockroaches
  21 goblins
  9 hobgoblins
  6 jackals
  6 quokkas
  9 ball pythons
  13 bats
  2 frilled lizards
  10 kobolds
  4 rats
130 creatures vanquished.

Vanquished Creatures (others)
  427 foxfires
427 creatures vanquished.

Grand Total: 557 creatures vanquished

Notes
Turn   | Place    | Note
-------+----------+-------------------------------------------
     0 | D:1      | 112233 the Octopode Fire Elementalist began the quest for
                  | the Orb.
     0 | D:1      | Reached XP level 1. HP: 11/11 MP: 3/3
   340 | D:1      | Reached XP level 2. HP: 17/17 MP: 3/5
   900 | D:1      | Reached XP level 3. HP: 21/21 MP: 3/6
  1458 | D:1      | Learned a level 2 spell: Scorch
  1987 | D:2      | Reached XP level 4. HP: 18/27 MP: 3/7
  2685 | D:2      | Noticed Robin
  2862 | D:2      | Killed Robin
  2863 | D:2      | Reached XP level 5. HP: 19/31 MP: 1/9
  3233 | D:3      | You fall into a shaft and drop 2 floors!
  3233 | D:5      | Entered Level 5 of the Dungeon
  3253 | D:5      | Noticed an ice beast
  3307 | D:4      | Found a blossoming altar of Fedhas.
  3411 | D:4      | Found a bloodstained altar of Trog.
  3651 | D:3      | Learned a level 2 spell: Blink
  3656 | D:3      | Learned a level 4 spell: Sticky Flame
  4332 | D:3      | Reached skill level 4 in Fire Magic
  4335 | D:3      | Reached XP level 6. HP: 25/36 MP: 1/10
  4481 | D:3      | Found a runed translucent door.
  4482 | D:3      | Noticed Crazy Yiuf
  4600 | D:3      | Found an iron altar of Okawaru.
  5414 | D:4      | Reached XP level 7. HP: 34/41 MP: 5/12
  5574 | D:4      | Found a radiant altar of Vehumet.
  5580 | D:4      | Found a snail-covered altar of Cheibriados.
  5580 | D:4      | Found a shadowy altar of Dithmenos.
  6284 | D:5      | Reached skill level 5 in Fire Magic
  6294 | D:5      | HP: 2/42 [orc/+0 hand axe (4)]
  6594 | D:5      | HP: 1/42 [scorpion (6)]
  6596 | D:5      | Succumbed to a scorpion's poison

Illustrated notes

Levels and vault maps discovered:
D:1:      beargit_arrival_diablo_church, layout_basic
D:2:      layout_basic, minmay_small_reverse_x, uniq_robin
D:3:      layout_basic, okawaru_metal_pillars_1_2, kennysheep_generic_room_2,
          uniq_crazy_yiuf_cottage
D:4:      layout_basic, chequers_temple_overflow_statue_of_worship,
          nicolae_overflow_squiral
D:5:      layout_loops_ring, serial_shops, shop, enter_ossuary_2, minivault_25

Skill      XL: |  1  2  3  4  5  6  7 |
---------------+----------------------+-----
Stealth        | 3 4 |  4.0
Conjurations   | 2 3 |  3.2
Dodging        | 3 |  3.6
Spellcasting   | 3 4 |  4.1
Fire Magic     | 4 5 |  5.0
Fighting       | |  0.7

Action                   |  1- 3 |  4- 6 |  7- 9 || total
-------------------------+-------+-------+-------++-------
Melee: Unarmed           |     3 |       |       ||     3
       Constrict         |     1 |     2 |     1 ||     4
       Dagger            |       |    11 |     4 ||    15
       Tentacles         |       |     3 |     2 ||     5
 Cast: Foxfire           |    77 |   130 |    41 ||   248
       Scorch            |     1 |    11 |    15 ||    27
  Use: Potion            |       |     2 |     9 ||    11
       Scroll            |       |       |     2 ||     2
Armor: Skin              |     2 |     2 |     3 ||     7
Dodge: Dodged            |    11 |    17 |    29 ||    57
